 Dungeon Crawl Stone Soup version 0.23.0 (webtiles) character file.

Game seed: 9541991431108520254

2849 Froggeryz the Martial Artist (level 9, -2/81 HPs)
             Began as a Naga Transmuter on Feb 16, 2019.
             Was a Believer of Cheibriados.
             Slain by a spiny frog (18 damage)
             ... on level 1 of the Lair of Beasts.
             The game lasted 00:13:31 (7165 turns).

Froggeryz the Martial Artist (Naga Transmuter)      Turns: 7165, Time: 00:13:33

Health: -2/81      AC:  8    Str: 23    XL:     9   Next: 74%
Magic:  12/12      EV: 13    Int: 19    God:    Cheibriados [**....]
Gold:   492        SH:  0    Dex: 20    Spells: 7/12 levels left

rFire    . . .     SeeInvis +   j - +11 whip of Fear {pain, Str+3 Stlth+}
rCold    + . .     Gourm    .   (no shield)
rNeg     . . .     Faith    .   y - +2 robe {MR+}
rPois    +         Spirit   .   (no helmet)
rElec    .         Reflect  .   (no cloak)
rCorr    .         Harm     .   C - +1 pair of gloves
MR       ++...                  (no barding)
Stlth    +++.......             (no amulet)
HPRegen  0.23/turn              s - ring of wizardry
MPRegen  0.13/turn              t - ring of protection from cold

@: lethally poisoned (-2 -> -9), appendage (expiring), very slow
A: large, horns 2, see invisible, deformed body, poison resistance, slowness 2,
slow metabolism 1, spit poison 1, AC +3
a: Spit Poison, End Transformation, Bend Time, Renounce Religion


You were on level 1 of the Lair of Beasts.
You worshipped Cheibriados.
Cheibriados was pleased with you.
You were hungry.
You had grown temporary horns.
You visited 2 branches of the dungeon, and saw 9 of its levels.

You collected 492 gold pieces.

Inventory:

Hand Weapons
 f - the +5 falchion "Cesan" {slice, Stlth+}
   (You found it on level 6 of the Dungeon)

   It inflicts extra damage upon your enemies.
   It makes you more stealthy.
 j - the +11 whip of Fear (weapon) {pain, Str+3 Stlth+}
   (You found it on level 6 of the Dungeon)

   In the hands of one skilled in necromantic magic, it inflicts extra damage on
   living creatures.
   It affects your strength (+3).
   It makes you more stealthy.
 q - a +2 hand axe of venom
Missiles
 a - 103 arrows
 l - 6 javelins of penetration (quivered)
Armour
 y - a +2 robe of magic resistance (worn)
 C - a +1 pair of gloves (worn)
Jewellery
 i - an uncursed ring of flight
 s - a ring of wizardry (left hand)
 t - a ring of protection from cold (right hand)
 u - an uncursed ring of protection from cold
 F - an uncursed ring of fire
 H - an uncursed ring of magical power
Wands
 b - a wand of paralysis (8)
 o - a wand of digging (3)
 x - a wand of enslavement (6)
 z - a wand of polymorph (16)
Scrolls
 c - a scroll of identify
 g - a scroll of enchant armour
 k - 9 scrolls of teleportation
 m - 3 scrolls of magic mapping
 r - 2 scrolls of immolation
 D - a scroll of remove curse
 E - a scroll of enchant weapon
Potions
 e - 5 potions of agility
 n - a potion of invisibility {unknown}
 p - a potion of resistance {unknown}
 v - a potion of mutation
 w - 5 potions of flight
 A - 2 potions of might
 B - 2 potions of curing
 G - a potion of brilliance {unknown}
Comestibles
 d - 11 rations


   Skills:
 + Level 5.6 Fighting
 - Level 4.4 Dodging
 * Level 11.0 Unarmed Combat
 - Level 2.0 Spellcasting
 - Level 2.0 Transmutations


You had 7 spell levels left.
You knew the following spells:

 Your Spells              Type           Power        Failure   Level  Hunger
a - Beastly Appendage     Tmut           #.....       3%          1    #......
b - Blink                 Tloc           N/A          11%         2    ###....
c - Sticks to Snakes      Tmut           #.......     4%          2    ###....

Your spell library contained the following spells:

 Spells                   Type           Power        Failure   Level  Hunger
 Magic Dart               Conj           #...         7%          1    #......
 Pain                     Necr           #...         7%          1    #......
 Call Imp                 Summ           #.......     11%         2    ###....
 Slow                     Hex            #.......     11%         2    ###....
 Spider Form              Tmut/Pois      #.........   13%         3    ###....
 Conjure Flame            Conj/Fire      #.......     21%         3    ###....
 Mephitic Cloud           Conj/Pois/Air  #.......     21%         3    ###....
 Ice Form                 Ice/Tmut       #.......     38%         4    #####..
 Blade Hands              Tmut           #.........   58%         5    ######.


Dungeon Overview and Level Annotations

Branches:
Dungeon (8/15)             Temple (0/1) D:7            Lair (1/6) D:8

Altars:
Ashenzari
Cheibriados
Elyvilon
Fedhas
Kikubaaqudgha
Qazlal
Ru
Sif Muna
Trog
Vehumet
Wu Jian
The Shining One


Innate Abilities, Weirdness & Mutations

You cannot wear boots.
Your serpentine skin is tough. (AC +3)
You have supernaturally acute eyesight. (SInv)
Armour fits poorly on your strangely shaped body.
Your system is resistant to poisons. (rPois)
You cover ground very slowly.
You have a slow metabolism.
You can spit poison.
You have a pair of horns on your head.


Message History

You headbutt the spiny frog, but do no damage.
You have got your breath back.
The spiny frog stings you but does no damage.
The spiny frog misses you.
You completely miss the spiny frog. Your punch misses the spiny frog.
The spiny frog stings you!!
You whack the spiny frog!
The spiny frog is lightly wounded.
The spiny frog stings you!!
You whack the spiny frog!
The spiny frog is moderately wounded.
Your transformation is almost over.
The spiny frog closely misses you.
You closely miss the spiny frog. Your punch misses the spiny frog.
The spiny frog is moderately wounded.
The spiny frog stings you!!
* * * LOW HITPOINT WARNING * * *
You are poisoned.
The spiny frog poisons you! The spiny frog stings you!!
You die...

...#.# ..##P.
##..... ......
#...... .....#
...>...##..≈.##
.........≈≈≈≈.#
.......≈≈≈≈≈≈≈.
........F≈≈≈≈≈.
#......@.≈≈≈≈≈.
#####...≈≈≈≈≈≈.
##.≈≈≈≈≈≈≈.
#.≈≈≈≈≈≈≈.
#.≈≈≈≈≈..#
##.≈≈≈..##
##...### P.##


You could see a spiny frog.

Vanquished Creatures
  2 hippogriffs (D:8)
  Sigmund (D:3)
  A hungry ghost (D:7)
  Duvessa (D:6)
  An orc warrior (D:7)
  A phantom (D:4)
  3 ogres
  2 centaurs
  4 bullfrogs
  A gnoll sergeant (D:8)
  Dowan (D:6)
  2 scorpions
  3 howler monkeys (D:8)
  3 crimson imps
  An orc priest (D:7)
  6 hounds
  6 orc wizards
  3 iguanas
  Natasha (thrice) (D:4)
  3 worker ants
  A hound zombie (D:8)
  Robin (D:2)
  9 gnolls
  5 adders
  3 shadow imps (D:7)
  A white imp (D:5)
  An ooze (D:6)
  5 leopard geckos
  7 orcs
  5 bats
  A giant cockroach (D:1)
  13 goblins
  11 hobgoblins
  3 jackals (D:6)
  A ball python (D:2)
  3 frilled lizards
  A giant cockroach zombie (D:5)
  A jackal skeleton (D:7)
  A jackal zombie (D:5)
  4 kobolds
  A leopard gecko skeleton (D:4)
  A quokka zombie (D:7)
  4 rats
131 creatures vanquished.

Notes
Turn   | Place    | Note
-------+----------+-------------------------------------------
     0 | D:1      | Froggeryz the Naga Transmuter began the quest for the Orb.
     0 | D:1      | Reached XP level 1. HP: 18/18 MP: 3/3
   261 | D:1      | Reached XP level 2. HP: 24/25 MP: 5/5
   891 | D:2      | Reached XP level 3. HP: 27/32 MP: 6/6
   988 | D:2      | Reached skill level 4 in Unarmed Combat
  1022 | D:2      | Noticed Robin
  1031 | D:2      | Killed Robin
  1210 | D:2      | Reached XP level 4. HP: 31/39 MP: 7/7
  1816 | D:3      | Noticed Sigmund
  1828 | D:3      | Killed Sigmund
  1828 | D:3      | Reached skill level 5 in Unarmed Combat
  1828 | D:3      | Reached XP level 5. HP: 34/49 MP: 8/8
  1938 | D:3      | Found a bloodstained altar of Trog.
  1987 | D:3      | Reached XP level 6. HP: 56/56 MP: 9/9
  2286 | D:4      | Found a sacrificial altar of Ru.
  2396 | D:4      | Noticed a phantom
  2417 | D:4      | Killed a phantom
  2417 | D:4      | Reached skill level 6 in Unarmed Combat
  2639 | D:4      | Noticed Natasha
  2644 | D:4      | Killed Natasha
  2684 | D:4      | Reached XP level 7. HP: 52/63 MP: 10/10
  2841 | D:4      | Found a white marble altar of Elyvilon.
  2843 | D:4      | Found a blossoming altar of Fedhas.
  2859 | D:4      | Noticed Natasha
  2865 | D:4      | Killed Natasha
  2881 | D:4      | Noticed Natasha
  2885 | D:4      | Killed Natasha
  2897 | D:5      | Entered Level 5 of the Dungeon
  2964 | D:5      | Reached skill level 7 in Unarmed Combat
  3013 | D:5      | Found a snail-covered altar of Cheibriados.
  3016 | D:5      | Became a worshipper of Cheibriados the Contemplative
  3129 | D:5      | HP: 2/66 [ogre/+0 giant club (15)]
  3664 | D:5      | Reached XP level 8. HP: 73/73 MP: 11/11
  3897 | D:5      | Reached skill level 5 in Fighting
  4404 | D:6      | Found a shattered altar of Ashenzari.
  4404 | D:6      | Found a stormy altar of Qazlal.
  4404 | D:6      | Noticed Dowan
  4409 | D:6      | Found an ornate altar of the Wu Jian Council.
  4409 | D:6      | Noticed Duvessa
  4416 | D:6      | Killed Duvessa
  4416 | D:6      | Reached skill level 8 in Unarmed Combat
  4426 | D:6      | Killed Dowan
  4692 | D:6      | Found a glowing golden altar of the Shining One.
  4698 | D:6      | Got a twisted falchion
  4699 | D:6      | Identified the +5 falchion "Cesan" {slice, Stlth+} (You
                  | found it on level 6 of the Dungeon)
  4781 | D:6      | Reached * piety under Cheibriados
  4838 | D:6      | Got a shimmering whip
  4870 | D:6      | Identified the +11 whip of Fear {pain, Str+3 Stlth+} (You
                  | found it on level 6 of the Dungeon)
  4881 | D:6      | Found a white marble altar of Elyvilon.
  5025 | D:6      | Found an ancient bone altar of Kikubaaqudgha.
  5025 | D:6      | Found a radiant altar of Vehumet.
  5036 | D:6      | Identified Kikubaaqudgha's Disquisition on Darkness
  5042 | D:6      | Found a deep blue altar of Sif Muna.
  5416 | D:6      | Reached skill level 9 in Unarmed Combat
  5708 | D:7      | Learned a level 2 spell: Blink
  5713 | D:7      | Learned a level 2 spell: Sticks to Snakes
  5892 | D:7      | Reached ** piety under Cheibriados
  5941 | D:7      | Reached XP level 9. HP: 55/81 MP: 12/12
  5956 | D:7      | Reached skill level 10 in Unarmed Combat
  6389 | D:7      | Found a staircase to the Ecumenical Temple.
  6836 | D:8      | Found a staircase to the Lair.
  7101 | D:8      | Reached skill level 11 in Unarmed Combat
  7156 | Lair:1   | Entered Level 1 of the Lair of Beasts
  7156 | Lair:1   | Noticed a spiny frog
  7165 | Lair:1   | Slain by a spiny frog

Skill      XL: |  1  2  3  4  5  6  7  8  9 |
---------------+----------------------------+-----
Unarmed Combat | 4 5 6 7 9 11 | 11.0
Fighting       | 2 3 4 5 |  5.6
Dodging        | 3 4 |  4.4
Spellcasting   | |  2.0
Transmutations | |  2.0

Action                   |  1- 3 |  4- 6 |  7- 9 || total
-------------------------+-------+-------+-------++-------
Melee: Unarmed           |    54 |       |       ||    54
       Punch             |     2 |     4 |    14 ||    20
       Hand axe          |    25 |    60 |    78 ||   163
       Headbutt          |       |     3 |     2 ||     5
       Whip              |       |       |   153 ||   153
       Falchion          |       |       |     6 ||     6
Throw: Javelin           |       |     2 |     6 ||     8
 Cast: Beastly Appendage |       |     3 |     2 ||     5
       Sticks to Snakes  |       |       |     4 ||     4
       Blink             |       |       |     1 ||     1
 Abil: Spit Poison       |     9 |     5 |    16 ||    30
Evoke: Wand              |       |     1 |       ||     1
  Use: Scroll            |     1 |     9 |     9 ||    19
       Potion            |       |     3 |     5 ||     8
 Stab: Sleeping          |     1 |       |     7 ||     8
       Paralysed         |       |     4 |       ||     4
  Eat: Chunk             |     1 |     3 |    10 ||    14
       Ration            |       |       |     1 ||     1
Armor: Robe              |    16 |    18 |    94 ||   128
Dodge: Dodged            |    44 |    29 |   174 ||   247
       Rpst.: Falchion   |       |       |     1 ||     1
